 Dungeon Crawl Stone Soup version 0.19.1 (webtiles) character file.

247 zeroDi the Sneak (level 6, -2/30 HPs)
             Began as a Vine Stalker Assassin on Dec 18, 2016.
             Slain by an ice beast (9 damage)
             ... on level 4 of the Dungeon.
             The game lasted 00:08:17 (3141 turns).

zeroDi the Sneak (Vine Stalker Assassin)            Turns: 3141, Time: 00:08:19

Health: -2/30      AC:  4    Str: 15    XL:     6   Next: 11%
Magic:  0/7        EV: 13    Int: 11    God:
Gold:   136        SH:  0    Dex: 16    Spells: 0 memorised, 5 levels left

rFire  . . .     SeeInvis .     a - +3 dagger
rCold  . . .     Gourm    .     c - +0 robe
rNeg   . . .     Faith    .     (no shield)
rPois  .         Spirit   +     j - +0 helmet
rElec  .         Reflect  .     d - +0 cloak
rCorr  .         Harm     .     (no gloves)
MR     .....                    (no boots)
Stlth  ++++......               (no amulet)
                                (no ring)
                                (no ring)

@: no status effects
A: fangs 2, regeneration 1, magic shield, antimagic bite, no device heal 3, rot
immunity
a: no special abilities


You were on level 4 of the Dungeon.
You were not hungry.

You visited 1 branch of the dungeon, and saw 4 of its levels.

You collected 136 gold pieces.


Innate Abilities, Weirdness & Mutations

You have extremely sharp teeth.
Your natural rate of healing is unusually fast.
When hurt, damage is shared between your health and your magic reserves.
Your bite disrupts and absorbs the magic of your enemies.
Potions and wands cannot restore your health.
You are immune to rotting.


   Skills:
 - Level 1.7 Fighting
 + Level 3.3 Short Blades
 - Level 1.7 Throwing
 + Level 2.4 Dodging
 * Level 7.1 Stealth


You had 5 spell levels left.
You didn't know any spells.

Inventory:

Hand Weapons
 a - a +3 dagger (weapon)
 b - a +0 blowgun
Missiles
 e - 11 poisoned needles
 f - 2 curare-tipped needles {=f}
 q - 32 stones (quivered)
Armour
 c - a +0 robe (worn)
 d - a +0 cloak (worn)
 j - a +0 helmet (worn)
Jewellery
 t - an uncursed ring of wizardry
Scrolls
 k - a scroll of teleportation {@r4}
 m - a scroll of blinking {unknown}
 n - a scroll of fear
 o - 2 scrolls of enchant armour
 v - a scroll of fog
 x - a scroll of identify {@r1}
Potions
 h - a potion of lignification {unknown}
 p - 2 potions of berserk rage {unknown}
 s - a potion of brilliance {unknown}
 w - a potion of curing {unknown}
Comestibles
 g - 3 bread rations
 i - 8 chunks of flesh
 l - 2 beef jerkies
 r - 6 fruits
 u - 2 meat rations

Dungeon Overview and Level Annotations

Branches:
Dungeon (4/15)
 Temple: D:4-7

Altars:
Kikubaaqudgha
Makhleb
Sif Muna

#........# .%..... #..>.#..
#........#........###....#..
#........#...............#..
#........#.....?..###....#..
######.###.((..(..####...#..
#.# #.((......# #....#.
#.###..........##....#.
#..##..Y(....#.#.......
#...##@##..#........รท..
####.#....##[....#........
#..........#Y.##.#........
#..........##)##..........
#..........##.###.........
#..........##.##..#.......
#..........##.##....#.....
#..........#........#.....
#..........#........#..#..


You could see an ice beast.


Message History

a war axe; a club; a dagger; a robe
Okay, then.
An ice beast comes into view.
Items here: ))) [ a war axe; a club; a dagger; a robe The ice beast hits you.
The ice beast freezes you!
You barely miss the ice beast.
You bite the ice beast, but do no damage.
The ice beast closely misses you.
You hit the ice beast but do no damage.
You bite the ice beast, but do no damage.
The ice beast hits you. The ice beast freezes you.
* * * LOW HITPOINT WARNING * * *
You hit the ice beast.
You bite the ice beast, but do no damage.
The ice beast is lightly wounded.
The ice beast hits you.
* * * LOW HITPOINT WARNING * * *
The ice beast freezes you!
You die...

Action                   |  1- 3 |  4- 6 || total
-------------------------+-------+-------++-------
Melee: Dagger            |   101 |   154 ||   255
       Bite              |    27 |    41 ||    68
 Fire: Blowgun           |     5 |    11 ||    16
  Use: Scroll            |       |     9 ||     9
 Stab: Sleeping          |     5 |    15 ||    20
       Distracted        |       |     2 ||     2
  Eat: Chunk             |     1 |     6 ||     7
Armor: Robe              |    28 |    27 ||    55
Dodge: Dodged            |    53 |    58 ||   111

Vault maps used:
D:1:      saegor_arrival_miasma, minmay_split_cup_small
D:3:      minmay_overflow_temple_star_quad
D:4:      first_bread

Notes
Turn   | Place    | Note
-------+----------+-------------------------------------------
     0 | D:1      | zeroDi the Vine Stalker Assassin began the quest for the Orb.
     0 | D:1      | Reached XP level 1. HP: 11/11 MP: 2/2
    49 | D:1      | Reached skill level 2 in Short Blades
    49 | D:1      | Reached skill level 5 in Stealth
    51 | D:1      | Reached skill level 1 in Dodging
    67 | D:1      | Reached XP level 2. HP: 9/15 MP: 1/3
   683 | D:1      | Reached XP level 3. HP: 8/18 MP: 2/4
  1333 | D:2      | Gained mutation: Your natural rate of healing is unusually fast. [Vine Stalker growth]
  1333 | D:2      | Reached XP level 4. HP: 6/23 MP: 5/5
  1443 | D:2      | Reached skill level 6 in Stealth
  1728 | D:2      | Reached skill level 2 in Dodging
  2115 | D:3      | Found an ancient bone altar of Kikubaaqudgha.
  2122 | D:3      | Found a deep blue altar of Sif Muna.
  2125 | D:3      | Found a burning altar of Makhleb.
  2200 | D:3      | Reached XP level 5. HP: 26/26 MP: 6/6
  2311 | D:3      | Reached skill level 3 in Short Blades
  3092 | D:4      | Reached skill level 7 in Stealth
  3092 | D:4      | Reached XP level 6. HP: 22/30 MP: 7/7
  3103 | D:4      | Noticed an ice beast
  3141 | D:4      | Slain by an ice beast

Vanquished Creatures
  A crimson imp (D:4)
  2 orc wizards
  4 adders
  An ooze (D:4)
  A worm (D:2)
  5 dart slugs
  5 leopard geckos
  4 orcs
  3 ball pythons
  4 bats
  6 giant cockroaches
  9 goblins
  6 hobgoblins
  14 jackals
  4 quokkas
  14 frilled lizards
  7 kobolds
  8 rats
98 creatures vanquished.
